 Dungeon Crawl Stone Soup version 0.14.1-24-gbdbe590 (webtiles) character file.

355 Kenran the Insei (level 5, -4/39 HPs)
             Began as a Vampire Monk on June 18, 2014.
             Was a Believer of Makhleb.
             Slain by Christof's ghost (16 damage)
             ... on Level 4 of the Dungeon.
             The game lasted 00:11:06 (2753 turns).

Kenran the Insei (Vampire Monk)                     Turns: 2753, Time: 00:11:06

HP  -4/39        AC  5     Str 10      XL: 5   Next: 20%
MP   5/5         EV 14     Int 15      God: Makhleb [**....]
Gold 192         SH  0     Dex 17      Spells:  0 memorised,  4 levels left

rFire  . . .     SeeInvis +       - Unarmed
rCold  . . .     Clarity  +     a - +0 robe
rNeg   . . .     Conserve .     (no shield)
rPois  .         rCorr    .     (no helmet)
rElec  .         rRot     .     g - +0 cloak
SustAb . .       Spirit   .     k - +1 pair of gloves
rMut   .         Warding  .     (no boots)
Saprov . . .     Stasis   .     f - amulet of clarity
MR     +....                    q - +3 ring of intelligence
                                h - ring of protection from magic

@: regenerating quickly, somewhat resistant to hostile enchantments, stealthy
A: fangs 3, see invisible, unbreathing
a: Minor Destruction, Renounce Religion


You were on level 4 of the Dungeon.
You worshipped Makhleb.
Makhleb was pleased with you.
You were full.

You visited 1 branch of the dungeon, and saw 4 of its levels.

You collected 192 gold pieces.

Inventory:

Armour
 a - a +0 robe (worn)
 g - a +0 cloak (worn)
 k - a +1 pair of gloves (worn)
Magical devices
 n - a wand of frost (15) {unknown}
Scrolls
 i - a scroll of fog
Jewellery
 f - an amulet of clarity (around neck)
 h - a ring of protection from magic (left hand)
 q - a +3 ring of intelligence (right hand)
Potions
 c - 2 potions of curing {unknown}
 d - a potion of might {unknown}
 e - a potion of heal wounds {unknown}
 j - a potion of magic {unknown}
 o - a potion of cure mutation {unknown}
 p - a potion of haste {unknown}
 r - 2 potions of paralysis {unknown}
 s - a potion of mutation {unknown}
Books
 b - a book of Geomancy

   Spells                             Type                      Level
   Sandblast                          Earth                        1
   Stoneskin                          Transmutation/Earth          2
   Passwall                           Transmutation/Earth          3
   Stone Arrow                        Conjuration/Earth            3
   Petrify                            Transmutation/Earth          4
   Lee's Rapid Deconstruction         Earth                        5


   Skills:
 - Level 2.6 Fighting
 - Level 3.2 Dodging
 - Level 3.0 Stealth
 + Level 7.2 Unarmed Combat


You had 4 spell levels left.
You didn't know any spells.

Dungeon Overview and Level Annotations

Branches:
Dungeon (4/15)
 Temple: D:4-7

Altars:
Kikubaaqudgha
Makhleb
Sif Muna
Trog

Annotations:
D:4 Christof's ghost, average MiFi


Innate Abilities, Weirdness & Mutations

Your natural rate of healing is unusually fast.
You have razor-sharp teeth.*
You have supernaturally acute eyesight.
You can survive without breathing.*


Message History

You open the door.
Christof's ghost whispers, "You will understand me better in a moment."
Christof's ghost misses you.
A scorpion comes into view.
There is an open door here.
Found a scroll of fog.
Christof's ghost screams, "I'll kill anyone who wants the ORB!"
Read which item? (? for menu, Esc to quit)
Okay, then.
Read which item? (? for menu, Esc to quit)
You don't have any such object.
Read which item? (? for menu, Esc to quit)
Okay, then.
Read which item? (? for menu, Esc to quit)
As you read the scroll of fog, it crumbles to dust.
The scroll dissolves into smoke.
Christof's ghost barely misses you. The scorpion barely misses you.
You open the door. The scorpion completely misses you.
Christof's ghost hits you!
You die...

####'######## ###.......#
#...........# #...)..<..#
+...........# #.#.......#
#...........# .#.......#
#........§§.# #.#.......#
#........§§§##..#.......#
#.......§§§§#..##>......#
#........§sr#.# #.......#
........§§p@.# #.######
.....?....### #+########


You could see a scorpion, Christof's ghost and a rat.

Vanquished Creatures
  An orc priest (D:3)
  A worker ant (D:4)
  4 adders
  A giant gecko (D:1)
  An ooze (D:1)
  8 orcs (D:3)
  A bat zombie (D:2)
  3 giant cockroaches (D:3)
  8 hobgoblins
  4 kobolds
  3 quokkas (D:3)
  8 bats
  2 giant newts (D:1)
  8 goblins
  9 rats
  A rat zombie (D:2)
63 creatures vanquished.

Notes
Turn   | Place    | Note
--------------------------------------------------------------
     0 | D:1      | Kenran, the Vampire Monk, began the quest for the Orb.
     0 | D:1      | Reached XP level 1. HP: 17/17 MP: 1/1
   244 | D:1      | Reached XP level 2. HP: 18/23 MP: 2/2
   320 | D:1      | Reached skill level 5 in Unarmed Combat
   886 | D:2      | Reached XP level 3. HP: 17/28 MP: 3/3
   987 | D:2      | Found a burning altar of Makhleb.
   990 | D:2      | Became a worshipper of Makhleb the Destroyer
   990 | D:2      | Acquired Makhleb's first power
   990 | D:2      | Acquired Makhleb's second power
  1432 | D:2      | Found a bloodstained altar of Trog.
  1533 | D:2      | Reached skill level 6 in Unarmed Combat
  1677 | D:2      | Found an ancient bone altar of Kikubaaqudgha.
  1990 | D:3      | Reached XP level 4. HP: 30/34 MP: 4/4
  2347 | D:3      | Found a deep blue altar of Sif Muna.
  2638 | D:4      | Reached skill level 7 in Unarmed Combat
  2638 | D:4      | Reached XP level 5. HP: 26/39 MP: 5/5
  2694 | D:4      | Noticed Christof's ghost (average MiFi)
  2704 | D:4      | HP: 1/39 [Christof's ghost (12)]
  2753 | D:4      | Slain by Christof's ghost

Action                   |  1- 3 |  4- 6 || total
-------------------------+-------+-------++-------
Melee: Unarmed           |   130 |    95 ||   225
  Use: Scroll            |     7 |     5 ||    12
 Stab: Sleeping          |     3 |     3 ||     6
